Map: Romanticide LE

Players

Scarlett

  • Race: Zerg Zerg

Neeb - Winner!

  • Race: Protoss Protoss

Event: DreamHack SC2 Masters 2021 Fall

VOD

Have the link to the VOD?

Description

Time

  • Played on: Aug. 15, 2021, 5:30 p.m.
  • Length: 22:37

All games in this series

Show
View Real Time Build Order
Export as new Build Order

Scarlett Zerg 

Build Orders: Hatch First, Brood Lord Corruptor 

Get SALT Encoding   

  12  0:00  Drone  
  13  0:12  Overlord  
  13  0:17  Drone  
  14  0:30  Drone x2  
  16  0:45  Drone  
  17  0:51  Hatchery  
  17  0:54  Drone  
  17  0:58  Drone  
  18  1:09  Extractor  
  17  1:12  Spawning Pool  
  17  1:15  Drone  
  17  1:19  Drone  
  18  1:27  Drone  
  19  1:39  Drone  
  20  1:49  Overlord  
  20  1:59  Queen  
  22  2:02  Zergling x2  
  22  2:03  Queen  
  22  2:04  Drone  
  26  2:11  Drone  
  26  2:13  Metabolic Boost  
  27  2:18  Drone  
  27  2:21  Drone  
  29  2:27  Drone  
  30  2:39  Queen, Drone x2  
  34  2:45  Hatchery  
  34  2:48  Overlord  
  33  2:51  Drone  
  33  2:56  Zergling x2  
  33  2:58  Drone  
  36  3:05  Overlord  
  36  3:10  Drone  
  36  3:11  Drone x5  
  42  3:18  Queen  
  44  3:24  Queen  
  46  3:28  Overlord  
  46  3:29  Drone  
  46  3:31  Spore Crawler  
  46  3:35  Drone x2  
  48  3:47  Drone x7  
  55  3:50  Overlord  
  55  3:57  Overlord  
  55  4:01  Queen  
  56  4:04  Overlord  
  56  4:09  Overlord  
  56  4:10  Zergling x4  
  56  4:11  Zergling x2  
  59  4:18  Drone  
  59  4:19  Queen, Drone x3  
  65  4:26  Zergling x4  
  65  4:35  Drone x6  
  65  4:38  Spore Crawler  
  69  4:39  Lair  
  69  4:40  Spore Crawler  
  65  4:46  Drone x5  
  65  4:49  Drone x2  
  72  4:53  Extractor, Drone  
  72  4:54  Drone  
  73  5:00  Drone x2  
  73  5:02  Roach Warren  
  73  5:03  Drone x2  
  76  5:09  Drone x5  
  81  5:14  Extractor  
  81  5:15  Extractor  
  81  5:16  Drone x4  
  83  5:23  Hatchery  
  83  5:28  Overlord x2  
  82  5:34  Drone x6  
  88  5:37  Extractor x2  
  86  5:45  Queen x2, Evolution Chamber  
  89  5:51  Infestation Pit  
  89  5:53  Overlord x3  
  89  5:54  Overlord  
  89  5:55  Queen  
  86  5:58  Drone x4  
  89  6:13  Hatchery  
  88  6:18  Glial Reconstitution  
  88  6:19  Zerg Missile Weapons Level 1  
  88  6:21  Pneumatized Carapace  
  88  6:25  Drone x4  
  92  6:28  Hive  
  92  6:30  Queen  
  94  6:34  Overseer  
  94  6:36  Zergling x12  
  100  6:43  Drone  
  100  6:45  Evolution Chamber  
  100  6:48  Infestor x4  
  100  6:51  Drone x7  
  115  6:57  Drone x5  
  120  7:04  Queen  
  120  7:06  Queen  
  124  7:08  Drone  
  124  7:09  Drone x2  
  124  7:14  Zerg Ground Armor Level 1  
  127  7:18  Spire  
  127  7:19  Extractor  
  125  7:24  Extractor  
  125  7:27  Roach x9  
  142  7:33  Hatchery  
  141  7:37  Drone  
  141  7:38  Drone x2  
  141  7:40  Overlord x2  
  141  7:43  Baneling Nest  
  141  7:44  Overlord x2  
  142  7:50  Overlord  
  139  8:00  Drone  
  139  8:01  Drone  
  139  8:02  Roach x9  
  159  8:07  Overlord x4  
  159  8:12  Roach x2  
  163  8:14  Roach  
  163  8:15  Ravager x5  
  163  8:16  Ravager x3  
  173  8:23  Drone  
  173  8:25  Drone  
  173  8:26  Centrifical Hooks, Overlord x2  
  175  8:31  Zerg Melee Weapons Level 1, Evolution Chamber  
  174  8:39  Drone x14  
  188  8:42  Greater Spire  
  188  8:47  Extractor  
  187  8:50  Spire  
  187  8:51  Extractor  
  187  8:52  Spine Crawler x2  
  187  8:53  Spine Crawler  
  181  8:56  Drone x2  
  181  8:57  Drone  
  181  8:59  Overlord  
  181  9:00  Drone  
  181  9:01  Drone x5  
  190  9:03  Spore Crawler  
  190  9:05  Pathogen Glands  
  190  9:08  Zerg Missile Weapons Level 2  
  189  9:15  Zerg Ground Armor Level 2  
  189  9:23  Baneling x4  
  190  9:24  Zergling x22  
  190  9:30  Hatchery  
  199  9:37  Drone  
  199  9:38  Spine Crawler  
  199  9:40  Drone, Spine Crawler  
  199  9:46  Unknown  
  199  9:50  Spine Crawler  
  199  9:51  Spine Crawler  
  198  9:53  Viper  
  198  9:58  Zerg Flyer Weapons Level 1  
  199  10:04  Spine Crawler x2  
  199  10:05  Spine Crawler  
  196  10:11  Spine Crawler  
  196  10:12  Drone x3, Spine Crawler  
  197  10:19  Corruptor, Zerg Flyer Armor Level 1  
  199  10:22  Baneling x17  
  199  10:31  Spore Crawler  
  197  10:43  Spine Crawler  
  197  10:45  Spine Crawler x2  
  197  10:46  Spine Crawler  
  197  10:47  Spine Crawler x2  
  197  10:49  Spine Crawler x2  
  188  11:02  Zerg Melee Weapons Level 2  
  186  11:06  Ultralisk Cavern  
  175  11:16  Drone x3  
  175  11:17  Corruptor x11, Spine Crawler  
  175  11:18  Spine Crawler x2  
  191  11:52  Brood Lord  
  191  11:53  Brood Lord x6  
  193  12:09  Corruptor x3  
  183  12:20  Corruptor x10  
  170  12:28  Brood Lord x3  
  165  12:35  Queen x3  
  171  12:42  Hatchery  
  171  12:43  Drone x2, Unknown  
  171  12:44  Drone x4  
  169  12:51  Infestor x3  
  169  12:54  Hatchery, Drone x3  
  169  12:56  Drone  
  178  13:01  Drone x3  
  181  13:05  Zerg Flyer Weapons Level 2  
  181  13:15  Viper x3  
  190  13:26  Zerg Melee Weapons Level 3  
  190  13:28  Adrenal Glands  
  190  13:37  Drone x7  
  197  13:46  Zerg Flyer Armor Level 2  
  197  13:47  Zerg Ground Armor Level 3  
  197  13:48  Spore Crawler  
  196  13:57  Neural Parasite  
  196  13:58  Burrow  
  196  14:02  Spore Crawler  
  195  14:14  Zergling x10  
  200  14:21  Zergling x12  
  200  14:35  Zerg Missile Weapons Level 3  
  200  14:44  Chitinous Plating  
  198  14:48  Hatchery  
  198  14:49  Hatchery  
  196  14:53  Spore Crawler  
  196  14:54  Spore Crawler  
  196  14:55  Spore Crawler x2  
  196  14:56  Baneling x7  
  192  15:00  Spore Crawler  
  192  15:01  Spore Crawler  
  192  15:02  Drone x3  
  192  15:06  Overseer x2  
  192  15:07  Overseer  
  193  15:14  Infestor  
  193  15:15  Infestor x2  
  199  15:28  Spore Crawler  
  199  15:30  Spore Crawler  
  199  15:31  Spore Crawler x2  
  195  15:36  Spore Crawler  
  195  15:37  Spore Crawler  
  195  15:39  Spore Crawler x2  
  195  15:40  Spore Crawler  
  195  15:42  Spore Crawler  
  187  15:44  Spore Crawler  
  187  15:45  Spore Crawler x2  
  187  15:47  Spore Crawler  
  187  15:48  Spore Crawler x2  
  187  15:49  Brood Lord  
  177  15:50  Brood Lord x3  
  177  15:51  Zergling x34  
  198  15:58  Zerg Flyer Weapons Level 3  
  198  16:03  Anabolic Synthesis  
  198  16:04  Drone  
  199  16:16  Overseer  
  199  16:20  Zerg Flyer Armor Level 3  
  199  16:23  Spine Crawler  
  199  16:24  Spine Crawler  
  197  16:26  Spore Crawler  
  195  16:58  Drone x5  
  200  17:14  Extractor  
  200  17:15  Extractor  
  198  17:21  Spore Crawler  
  197  17:25  Spore Crawler x3  
  197  17:26  Spore Crawler, Corruptor x3  
  191  19:12  Spore Crawler  
  191  19:13  Spore Crawler x2  
  188  19:18  Corruptor x6  
  197  19:55  Corruptor  
  199  20:06  Corruptor  
  193  20:15  Zergling x14  
  193  20:45  Zergling x2  
  193  20:46  Zergling x10  
  197  20:55  Zergling x30  
  185  20:58  Corruptor x4  
  187  21:11  Overseer  
  187  21:12  Overseer x2  
  187  21:16  Zergling x12  
  169  21:23  Corruptor  
  169  21:24  Corruptor x4  
  139  21:36  Corruptor x5  
  132  21:44  Zergling x10  
  82  22:08  Zergling x2  
  82  22:09  Zergling x18, Brood Lord  
  82  22:10  Brood Lord x8  
Show
View Real Time Build Order
Export as new Build Order

Neeb Protoss - Winner!

Build Orders: 1 Gate Expand, Oracle Opening, Archon Immortal 

Get SALT Encoding   

  12  0:00  Probe  
  13  0:12  Probe  
  14  0:20  Pylon  
  14  0:24  Probe  
  15  0:38  Probe (Chrono Boost)  
  15  0:40  Gateway  
  16  0:47  Probe (Chrono Boost)  
  16  0:49  Assimilator  
  17  0:52  Probe (Chrono Boost)  
  18  1:04  Probe  
  19  1:16  Probe  
  20  1:25  Nexus  
  20  1:36  Cybernetics Core  
  20  1:38  Probe  
  21  1:45  Assimilator  
  21  1:51  Probe  
  21  1:53  Pylon  
  22  2:03  Probe (Chrono Boost)  
  23  2:12  Adept, Probe (Chrono Boost)  
  26  2:17  Probe (Chrono Boost)  
  26  2:22  Warp Gate  
  27  2:29  Probe (Chrono Boost)  
  28  2:33  Stargate  
  29  2:39  Probe x2 (Chrono Boost)  
  29  2:42  Adept  
  32  2:46  Probe (Chrono Boost)  
  32  2:47  Probe (Chrono Boost)  
  34  2:51  Probe (Chrono Boost)  
  34  2:56  Probe  
  36  3:00  Gateway  
  36  3:03  Probe  
  37  3:05  Pylon  
  37  3:08  Probe  
  37  3:09  Void Ray (Chrono Boost)  
  38  3:15  Probe  
  43  3:20  Probe  
  43  3:24  Adept  
  46  3:27  Probe  
  46  3:32  Probe  
  46  3:33  Pylon  
  48  3:39  Probe  
  49  3:42  Oracle (Chrono Boost)  
  49  3:44  Probe  
  53  3:51  Probe  
  54  3:56  Probe  
  54  4:02  Assimilator  
  54  4:03  Assimilator, Probe  
  54  4:08  Stargate  
  55  4:10  Nexus  
  55  4:12  Probe  
  55  4:14  Pylon  
  56  4:17  Probe  
  57  4:25  Probe  
  57  4:29  Probe  
  59  4:34  Adept  
  59  4:37  Probe  
  58  4:40  Void Ray (Chrono Boost)  
  58  4:41  Probe  
  58  4:45  Void Ray (Chrono Boost)  
  59  4:49  Probe  
  68  4:53  Probe  
  68  4:54  Pylon  
  68  4:58  Pylon  
  69  5:01  Shield Battery, Probe  
  69  5:04  Forge  
  69  5:06  Twilight Council  
  70  5:11  Void Ray (Chrono Boost), Probe  
  70  5:13  Probe  
  71  5:16  Void Ray (Chrono Boost)  
  75  5:22  Probe  
  75  5:23  Probe  
  75  5:28  Probe  
  82  5:34  Probe  
  82  5:35  Zealot, Probe  
  86  5:36  Zealot  
  86  5:40  Protoss Ground Weapons Level 1 (Chrono Boost), Probe  
  89  5:43  Charge  
  89  5:46  Probe  
  89  5:48  Assimilator  
  89  5:49  Assimilator, Probe  
  91  5:53  Robotics Facility, Probe  
  92  5:59  Probe  
  92  6:01  Probe  
  92  6:03  Pylon  
  94  6:06  Probe  
  94  6:10  Pylon  
  95  6:14  Probe  
  95  6:15  Probe  
  97  6:23  Gateway  
  97  6:24  Templar Archives  
  97  6:26  Gateway  
  97  6:28  Gateway, Sentry x2  
  97  6:30  Gateway, Probe  
  102  6:34  Gateway x2  
  102  6:37  Gateway  
  102  6:40  Gateway  
  102  6:52  Immortal (Chrono Boost)  
  106  6:55  Robotics Bay  
  106  6:59  Robotics Facility  
  106  7:00  Photon Cannon  
  106  7:05  Photon Cannon  
  106  7:06  Shield Battery  
  106  7:08  Shield Battery x2  
  106  7:17  Pylon  
  106  7:19  Pylon, High Templar x2, Zealot x2  
  106  7:21  Pylon  
  106  7:22  Pylon  
  114  7:25  Archon  
  114  7:34  Nexus  
  114  7:35  Pylon  
  114  7:36  Observer  
  115  7:40  Probe x3  
  115  7:43  High Templar x2  
  115  7:44  Zealot x5  
  131  7:51  Protoss Ground Weapons Level 2 (Chrono Boost)  
  131  7:52  Probe x2  
  131  7:53  Archon  
  131  7:54  Protoss Air Weapons Level 1  
  133  7:58  Pylon  
  133  8:00  Probe  
  133  8:04  Photon Cannon  
  133  8:05  Shield Battery  
  134  8:10  Immortal x2  
  142  8:13  Probe  
  142  8:14  Probe  
  142  8:16  Assimilator, Probe  
  145  8:21  Assimilator  
  145  8:23  Pylon  
  145  8:27  Probe  
  145  8:28  Probe  
  145  8:30  High Templar  
  145  8:31  High Templar, Zealot x6  
  163  8:36  Photon Cannon  
  163  8:45  Archon  
  163  8:48  Pylon  
  163  8:49  Pylon  
  163  8:51  Pylon  
  163  8:53  Disruptor x2 (Chrono Boost)  
  163  8:54  Pylon, Photon Cannon  
  161  9:04  High Templar  
  161  9:05  Shield Battery, High Templar, Zealot x2  
  161  9:06  Shield Battery  
  161  9:08  Shield Battery  
  169  9:10  Shield Battery, Archon  
  169  9:19  Immortal (Chrono Boost)  
  169  9:20  Immortal (Chrono Boost)  
  169  9:22  Psionic Storm  
  177  9:32  High Templar x2  
  177  9:33  Zealot x2  
  177  9:37  Nexus  
  185  9:47  High Templar x2  
  189  9:57  Pylon  
  189  9:58  Zealot x3  
  189  9:59  Zealot x2  
  199  10:09  Protoss Ground Weapons Level 3 (Chrono Boost)  
  199  10:12  Fleet Beacon  
  199  10:15  Stargate  
  199  10:19  Photon Cannon  
  199  10:21  Photon Cannon  
  199  10:22  Photon Cannon  
  199  10:23  Shield Battery  
  199  10:25  Shield Battery  
  185  10:44  Zealot x9  
  185  11:03  Assimilator  
  185  11:05  Assimilator  
  165  11:15  High Templar x3  
  165  11:16  High Templar x6  
  165  11:17  Zealot  
  185  11:20  Archon x2  
  185  11:21  Archon x2  
  185  11:27  Pylon  
  185  11:29  Photon Cannon  
  185  11:33  Photon Cannon  
  183  11:41  Protoss Air Weapons Level 2 (Chrono Boost)  
  181  11:47  Void Ray x3  
  181  12:04  Zealot x3  
  181  12:05  Zealot x6  
  187  12:09  Probe x2  
  187  12:14  Probe x2  
  187  12:15  Zealot  
  174  12:21  Archon x2  
  146  12:24  Void Ray x2 (Chrono Boost)  
  135  12:31  Probe x3  
  135  12:33  Photon Cannon  
  135  12:36  Photon Cannon  
  146  12:38  Photon Cannon, Void Ray (Chrono Boost)  
  146  12:39  High Templar x5  
  146  12:41  High Templar x2  
  146  12:42  High Templar  
  162  12:49  Flux Vanes, Probe x4  
  162  12:50  Probe  
  171  12:54  Photon Cannon  
  171  12:56  Observer (Chrono Boost)  
  171  12:57  Photon Cannon  
  172  13:03  Zealot x2  
  176  13:06  Archon  
  176  13:11  Zealot  
  176  13:12  Zealot x4  
  186  13:14  Zealot x2  
  186  13:16  Tempest (Chrono Boost)  
  198  13:21  Tempest (Chrono Boost)  
  198  13:24  Shield Battery  
  198  13:25  Shield Battery  
  198  13:27  Protoss Shields Level 1  
  198  13:43  Photon Cannon  
  198  13:47  Photon Cannon  
  198  13:53  Dark Shrine  
  198  13:59  Protoss Air Weapons Level 3 (Chrono Boost)  
  196  14:20  High Templar x2  
  200  14:28  Stargate  
  200  14:34  Stargate  
  200  14:37  Stargate  
  196  14:39  Stargate  
  196  14:40  Tempest  
  196  14:41  Tempest  
  196  14:45  Tempest, Nexus  
  192  15:07  Photon Cannon  
  192  15:08  Shield Battery, Photon Cannon, Shadow Stride  
  192  15:20  High Templar x5  
  200  15:24  Archon x2  
  200  15:50  Pylon, Observer  
  200  15:54  Assimilator x2  
  200  15:58  Pylon  
  200  16:04  Pylon  
  200  16:10  Photon Cannon  
  200  16:12  Photon Cannon  
  200  16:15  Photon Cannon x2  
  200  16:16  Shield Battery  
  200  16:17  Nexus  
  200  16:19  Protoss Air Armor Level 1 (Chrono Boost), Shield Battery  
  200  16:20  Shield Battery  
  200  16:25  Protoss Shields Level 2 (Chrono Boost)  
  200  16:41  Photon Cannon  
  200  16:42  Photon Cannon  
  200  16:43  Photon Cannon  
  199  16:59  Oracle x2  
  198  17:31  Shield Battery  
  198  17:33  Shield Battery  
  198  17:35  Shield Battery  
  198  17:37  Shield Battery  
  198  17:40  Pylon  
  198  17:45  Pylon  
  198  17:53  Pylon  
  198  18:02  Shield Battery  
  198  18:04  Shield Battery x2  
  198  18:07  Shield Battery  
  198  18:08  Shield Battery  
  198  18:11  Mothership (Chrono Boost)  
  194  18:15  Protoss Air Armor Level 2 (Chrono Boost)  
  200  18:25  Photon Cannon  
  200  18:26  Photon Cannon  
  200  18:28  Photon Cannon  
  200  18:34  Unknown  
  196  19:22  Dark Templar  
  197  19:27  Pylon  
  182  19:33  Tempest x4  
  196  20:29  Void Ray x3  
  196  20:31  Void Ray  
  197  20:49  Nexus  
  197  20:52  Pylon  
  189  21:06  Void Ray  
  189  21:09  Tempest  
  179  21:31  Void Ray x5  
  171  21:43  Void Ray  
  171  21:45  Zealot x7  
  171  21:46  Void Ray, Zealot x3  
  163  22:11  High Templar x3  
  163  22:12  High Templar x3  

Tags
 
Add a new tag
Caveats
  • Supply blocks, unpowered buildings, or Contaminate may cause inaccurate times.
  • Supply counts are checked every 10 seconds.